 Dungeon Crawl Stone Soup version 0.31-a0-702-gf82c85558f (webtiles) character file.

Game seed: 5900881802469880408

3938 qw the Skirmisher (level 10, -2/64 HPs)
             Began as a Gargoyle Hunter on Sept 8, 2023.
             Was an Initiate of Okawaru.
             Slain by a skeletal warrior
             ... wielding a +0 hand axe
              (16 damage)
             ... on level 7 of the Dungeon.
             The game lasted 00:03:06 (7167 turns).

qw the Skirmisher (Gargoyle Hunter)                 Turns: 7167, Time: 00:03:07

Health: -2/64      AC: 19    Str: 14    XL:     10   Next: 21%
Magic:  6/10       EV: 15    Int: 11    God:    Okawaru [......]
Gold:   292        SH:  0    Dex: 17    Spells: 9/9 levels left

rFire   . . .        o - +5 sling of the Other Side {freeze, Will+ SInv}
rCold   + . .        (no shield)
rNeg    + . .        q - +0 acid dragon scales
rPois   inf          (no helmet)
rElec   +            (no cloak)
rCorr   +            (no gloves)
SInv    +            j - +2 pair of boots
Will    +....        b - amulet of faith
Stlth   +++          c - ring of protection from cold
HPRegen 0.30/turn    (no ring)
MPRegen 0.12/turn

%: faith
@: about to teleport, heroic
A: sickness immunity, AC +7, negative energy resistance 1, electricity
resistance, torment resistance 1, petrification resistance
a: Renounce Religion


You were on level 7 of the Dungeon.
You worshipped Okawaru.
Okawaru was noncommittal.
You visited 2 branches of the dungeon, and saw 8 of its levels.

You collected 292 gold pieces.


Innate Abilities, Weirdness & Mutations

You are immune to sickness and miasma.
Your stone body is resilient. (AC +7)
You are immune to poison.
You resist negative energy. (rN+)
You are resistant to electric shocks. (rElec)
You are resistant to unholy torment.
You are immune to petrification.


   Skills:
 - Level 8.2(13.2) Fighting
 + Level 12.1(17.1) Ranged Weapons
 - Level 3.9(8.9) Armour
 - Level 3.0(8.0) Dodging
 - Level 1.1(6.1) Stealth


You had 9 spell levels left.
You didn't know any spells.
Your spell library was empty.

Inventory:

Hand Weapons
 o - the +5 sling of the Other Side (weapon) {freeze, Will+ SInv}
   (You found it on level 7 of the Dungeon)

   Will+:     It increases your willpower.
   SInv:      It lets you see invisible.
Armour
 f - a +1 robe of cold resistance
 j - a +2 pair of boots (worn)
 q - +0 acid dragon scales (worn)
Jewellery
 b - an amulet of faith (around neck)
 c - a ring of protection from cold (left hand)
Scrolls
 g - 3 scrolls of teleportation
 i - 3 scrolls of identify
Potions
 e - 2 potions of curing
 h - 6 potions of mutation
 k - a potion of enlightenment
 l - a potion of cancellation
 m - a potion of haste

Dungeon Overview and Level Annotations

Branches:
Dungeon (7/15)             Temple (1/1) D:4

Altars:
Ashenzari
Cheibriados
Dithmenos
Elyvilon
Fedhas
Gozag
Hepliaklqana
Kikubaaqudgha
Nemelex Xobeh
Okawaru
Ru
Sif Muna
Trog
Uskayaw
Vehumet
Wu Jian
Xom
Yredelemnul
Zin
The Shining One

Shops:
D:4 :

Annotations:
D:5 exclusion: orc wizard
D:6 1 runed translucent door, Crazy Yiuf
D:7 2 runed translucent doors


Message History

The sling bullet hits the skeletal warrior but does no damage.
The skeletal warrior is moderately damaged.
The skeletal warrior hits you with a +0 hand axe!
You shoot a sling bullet.
The sling bullet barely misses the skeletal warrior.
The skeletal warrior closely misses you.
You shoot a sling bullet.
The sling bullet barely misses the skeletal warrior.
You shoot a sling bullet.
The sling bullet completely misses the skeletal warrior.
The skeletal warrior barely misses you.
You shoot a sling bullet.
The sling bullet hits the skeletal warrior but does no damage.
The skeletal warrior is moderately damaged.
The skeletal warrior hits you with a +0 hand axe.
You shoot a sling bullet.
The sling bullet barely misses the skeletal warrior.
The skeletal warrior hits you with a +0 hand axe.
You shoot a sling bullet.
The sling bullet hits the skeletal warrior!
The sling bullet freezes the skeletal warrior.
The skeletal warrior is heavily damaged.
You shoot a sling bullet.
The sling bullet hits the skeletal warrior.
The sling bullet freezes the skeletal warrior.
The skeletal warrior is heavily damaged.
The skeletal warrior hits you but does no damage.
You shoot a sling bullet.
The sling bullet hits the skeletal warrior but does no damage.
The skeletal warrior is heavily damaged.
The skeletal warrior misses you.
You shoot a sling bullet.
The sling bullet hits the skeletal warrior but does no damage.
The skeletal warrior is heavily damaged.
The skeletal warrior hits you with a +0 hand axe.
7167 ||| READING 4 scrolls of teleportation.
As you read the scroll of teleportation, it crumbles to dust.
You feel strangely unstable.
The skeletal warrior hits you with a +0 hand axe!
You die...

......#.....#.##).......###..####
......#.....'.##########..#####..
......#.....#.##(......)##.##..##
####'##.......######..#####..###.
..............##....####..####..#
..............##..####....)####..
..............#.####......#..####
..............#.##........#.##.##
..............##@z).......#....#.
#####+###'##..####.!......###).#.
.#.........#..# ####......#......
.#.........#..# ..####....###..#.
############..# .#.O####..#....#.
# #..........# .###zW#####.##)##
# #..........# .#[###H.###..###.
# #..........# ....D###W..###...
####..........# .#$###Ol####...#.


You could see a skeletal warrior.

Vanquished Creatures
  A two-headed ogre (D:7)
  Maggie (D:7)
  A komodo dragon (D:7)
  Prince Ribbit (D:6)
  Sigmund (D:6)
  A shadow (D:7)
  A wyvern (D:7)
  3 water moccasins
  2 sky beasts
  An ice beast (D:7)
  A centaur (D:6)
  A kobold brigand (D:7)
  A bullfrog (D:7)
  3 gnoll sergeants (D:6)
  2 scorpions (D:5)
  6 wights (D:7)
  2 howler monkeys
  3 hounds
  3 gnoll boudas (D:6)
  3 iguanas
  6 orc wizards
  12 gnolls
  2 adders
  2 shadow imps
  A white imp (D:7)
  4 dart slugs
  10 orcs
  12 ball pythons
  7 bats
  11 endoplasms
  6 giant cockroaches
  7 goblins
  8 hobgoblins
  6 jackals
  12 kobolds
  7 quokkas
  4 frilled lizards
  A rat (D:3)
156 creatures vanquished.

Notes
Turn   | Place    | Note
-------+----------+-------------------------------------------
     0 | D:1      | qw the Gargoyle Hunter began the quest for the Orb.
     0 | D:1      | Reached XP level 1. HP: 12/12 MP: 1/1
     0 | D:1      | 0 ||| qw: Version: 0.3-a-76-g4403597
     0 | D:1      | 0 ||| qw: Game counter: 1173
     0 | D:1      | 0 ||| qw: Melee chars always use a shield: true
     0 | D:1      | 0 ||| qw: God list: Okawaru
     0 | D:1      | 0 ||| qw: Allow faded altars: false
     0 | D:1      | 0 ||| qw: Do Orc after clearing Dungeon:15 true
     0 | D:1      | 0 ||| qw: Do second Lair branch before Depths: true
     0 | D:1      | 0 ||| qw: Lair rune preference: random
     0 | D:1      | 0 ||| qw: Goals: Normal
     0 | D:1      | 0 ||| PLANNING D:1-11
   103 | D:1      | Reached XP level 2. HP: 13/17 MP: 2/2
   205 | D:1      | Reached XP level 3. HP: 21/21 MP: 3/3
   214 | D:1      | Reached skill level 5 in Ranged Weapons
   452 | D:1      | 452 ||| READING scroll labelled ADICENW NERO.
   453 | D:1      | 453 ||| READING scroll labelled ZIDOFIUCO.
   456 | D:1      | 456 ||| READING scroll labelled DOK OKU ELETE.
   457 | D:1      | 457 ||| READING scroll labelled ILOVVY TENTATERR.
   458 | D:1      | 458 ||| READING scroll labelled ZULIPT CIBA.
   472 | D:1      | 472 ||| DRINKING 2 cyan potions.
   473 | D:1      | 473 ||| DROPPING scroll of butterflies.
   531 | D:2      | Found a faded altar of an unknown god.
   637 | D:2      | Reached skill level 3 in Fighting
   767 | D:2      | Reached XP level 4. HP: 28/28 MP: 4/4
  1009 | D:2      | 1009 ||| READING scroll labelled FOUSTR WEMOM.
  1010 | D:2      | 1010 ||| READING scroll labelled LUUGIF ITEAN.
  1011 | D:2      | 1011 ||| READING 3 scrolls labelled GEBEAD LOKLU.
  1012 | D:2      | 1012 ||| DRINKING 2 ruby potions.
  1013 | D:2      | 1013 ||| READING 2 scrolls of identify.
  1013 | D:2      | 1013 ||| IDENTIFYING fizzy sapphire potion
  1014 | D:2      | 1014 ||| DROPPING potion of magic.
  1015 | D:2      | 1015 ||| DROPPING 2 scrolls of immolation.
  1219 | D:3      | Found a bloodstained altar of Trog.
  1422 | D:3      | Found a broken altar of Ashenzari.
  1630 | D:3      | Found a faded altar of an unknown god.
  1631 | D:3      | 1631 ||| RETREATING.
  1633 | D:3      | 1633 ||| Stepping ~*~*~tactically~*~*~ (retreating).
  1641 | D:3      | 1641 ||| FLEEEEING.
  1642 | D:3      | 1642 ||| FLEEEEING.
  1643 | D:3      | 1643 ||| FLEEEEING.
  1644 | D:3      | 1644 ||| FLEEEEING.
  1645 | D:3      | 1645 ||| FLEEEEING.
  1648 | D:3      | Reached XP level 5. HP: 30/32 MP: 5/5
  1679 | D:3      | Found a basalt altar of Yredelemnul.
  1725 | D:3      | 1725 ||| UPGRADING to +0 ring mail.
  1735 | D:3      | 1735 ||| DROPPING +0 leather armour.
  1736 | D:3      | 1736 ||| UPGRADING to amulet of faith.
  1741 | D:3      | 1741 ||| READING 3 scrolls of identify.
  1741 | D:3      | 1741 ||| IDENTIFYING smoky cyan potion
  1742 | D:3      | 1742 ||| READING 2 scrolls of identify.
  1742 | D:3      | 1742 ||| IDENTIFYING golden potion
  1784 | D:4      | Found Raana's Book Boutique.
  1911 | D:4      | 1911 ||| DRINKING 2 potions of curing.
  1911 | D:4      | 1911 ||| (to cure confusion)
  1913 | D:4      | Reached skill level 1 in Armour
  1924 | D:4      | Reached skill level 6 in Ranged Weapons
  2089 | D:4      | 2089 ||| DRINKING 2 sapphire potions.
  2090 | D:4      | 2090 ||| READING 2 scrolls of identify.
  2090 | D:4      | 2090 ||| IDENTIFYING bubbling inky potion
  2091 | D:4      | 2091 ||| DROPPING potion of invisibility.
  2092 | D:4      | Found a staircase to the Ecumenical Temple.
  2099 | D:4      | 2099 ||| PLANNING TEMPLE
  2523 | D:4      | Reached XP level 6. HP: 38/38 MP: 6/6
  2610 | D:4      | 2610 ||| UPGRADING to ring of protection from cold.
  2646 | D:5      | Entered Level 5 of the Dungeon
  2646 | D:5      | Found a blossoming altar of Fedhas.
  2648 | D:5      | 2648 ||| STAIRDANCE
  2650 | D:5      | 2650 ||| STAIRDANCE
  2652 | D:5      | 2652 ||| STAIRDANCE
  2654 | D:5      | 2654 ||| STAIRDANCE
  2656 | D:5      | 2656 ||| STAIRDANCE
  2658 | D:5      | 2658 ||| STAIRDANCE
  2660 | D:4      | 2660 ||| DRINKING potion of curing.
  2660 | D:4      | 2660 ||| (to cure confusion)
  2898 | D:5      | 2898 ||| READING scroll of brand weapon.
  2898 | D:5      | 2898 ||| BRANDING +0 shortbow of draining.
  2946 | D:5      | Found a hazy altar of Hepliaklqana.
  2966 | D:5      | 2966 ||| FLEEEEING.
  2967 | D:5      | 2967 ||| FLEEEEING.
  3018 | D:5      | Found an opulent altar of Gozag.
  3134 | D:5      | Reached skill level 7 in Ranged Weapons
  3134 | D:5      | Reached XP level 7. HP: 34/43 MP: 7/7
  3306 | D:5      | Reached skill level 8 in Ranged Weapons
  3518 | D:5      | 3518 ||| READING scroll labelled BIZYONW ASIUS.
  3519 | D:5      | 3519 ||| READING 3 scrolls of identify.
  3519 | D:5      | 3519 ||| IDENTIFYING sedimented grey potion
  3520 | D:5      | 3520 ||| DROPPING potion of brilliance.
  3524 | D:5      | 3524 ||| STAIRDANCE
  3533 | Temple   | Entered the Ecumenical Temple
  3534 | Temple   | 3534 ||| PLANNING D:1-11
  3605 | D:4      | 3605 ||| STAIRDANCE
  3609 | D:4      | 3609 ||| STAIRDANCE
  3613 | D:4      | 3613 ||| STAIRDANCE
  3617 | D:4      | 3617 ||| STAIRDANCE
  3621 | D:4      | 3621 ||| STAIRDANCE
  3625 | D:4      | 3625 ||| STAIRDANCE
  3629 | D:4      | 3629 ||| STAIRDANCE
  3633 | D:4      | 3633 ||| STAIRDANCE
  3637 | D:4      | 3637 ||| STAIRDANCE
  3641 | D:4      | 3641 ||| STAIRDANCE
  3645 | D:4      | 3645 ||| STAIRDANCE
  3649 | D:4      | 3649 ||| STAIRDANCE
  3653 | D:4      | 3653 ||| STAIRDANCE
  3657 | D:4      | 3657 ||| STAIRDANCE
  3661 | D:4      | 3661 ||| STAIRDANCE
  3665 | D:4      | 3665 ||| STAIRDANCE
  3669 | D:4      | 3669 ||| STAIRDANCE
  3673 | D:4      | 3673 ||| STAIRDANCE
  3677 | D:4      | 3677 ||| STAIRDANCE
  3681 | D:4      | 3681 ||| STAIRDANCE
  4116 | D:6      | 4116 ||| RETREATING.
  4135 | D:6      | HP: 11/44 [gnoll/+0 spear[a gnoll bouda] (2)]
  4136 | D:6      | 4136 ||| READING 5 scrolls of teleportation.
  4318 | D:6      | Found a runed translucent door.
  4319 | D:6      | Noticed Crazy Yiuf
  4580 | D:6      | Noticed Prince Ribbit
  4592 | D:6      | 4592 ||| FLEEEEING.
  4593 | D:6      | 4593 ||| FLEEEEING.
  4596 | D:6      | 4596 ||| FLEEEEING.
  4598 | D:6      | 4598 ||| FLEEEEING.
  4599 | D:6      | 4599 ||| STAIRDANCE
  4625 | D:5      | 4625 ||| UPGRADING to +0 pair of boots.
  4630 | D:5      | 4630 ||| READING scroll of enchant armour.
  4630 | D:5      | 4630 ||| ENCHANTING +0 pair of boots.
  4631 | D:5      | 4631 ||| READING scroll labelled UJIEGG RUINARO.
  4638 | D:6      | Killed Prince Ribbit
  4639 | D:6      | Reached skill level 3 in Armour
  4639 | D:6      | Reached XP level 8. HP: 23/49 MP: 8/8
  4639 | D:6      | 4639 ||| STAIRDANCE
  4768 | D:6      | 4768 ||| RETREATING.
  4902 | D:6      | 4902 ||| RETREATING.
  4912 | D:6      | 4912 ||| Stepping ~*~*~tactically~*~*~ (retreating).
  4933 | D:6      | Reached skill level 9 in Ranged Weapons
  5045 | D:6      | Found a shimmering blue altar of Sif Muna.
  5157 | D:6      | Found a shadowy altar of Dithmenos.
  5230 | D:6      | Noticed Sigmund
  5236 | D:6      | Killed Sigmund
  5237 | D:6      | Reached skill level 6 in Fighting
  5453 | D:6      | 5453 ||| UPGRADING to +1 robe of cold resistance.
  5534 | D:7      | Found a runed translucent door.
  5537 | D:7      | Found a runed translucent door.
  5577 | D:7      | Reached XP level 9. HP: 54/55 MP: 9/9
  5622 | D:7      | Reached skill level 10 in Ranged Weapons
  5663 | D:7      | 5663 ||| Stepping ~*~*~tactically~*~*~ (outnumbered).
  5673 | D:7      | Reached skill level 3 in Dodging
  5689 | D:7      | HP: 9/55 [wyvern (12)]
  5690 | D:7      | 5690 ||| READING 4 scrolls of teleportation.
  5691 | D:7      | 5691 ||| DRINKING 2 potions of heal wounds.
  6126 | D:7      | Identified the +5 sling of the Other Side {freeze, Will+
                  | SInv}
  6128 | D:7      | 6128 ||| SWAPPING to +5 sling of the Other Side {freeze,
                  | Will+ SInv}.
  6129 | D:7      | 6129 ||| DROPPING +0 shortbow of flaming.
  6169 | D:7      | Noticed Maggie
  6184 | D:7      | Killed Maggie
  6362 | D:7      | 6362 ||| READING scroll of enchant armour.
  6362 | D:7      | 6362 ||| ENCHANTING +1 pair of boots.
  6386 | D:7      | Found an iron altar of Okawaru.
  6387 | D:7      | 6387 ||| PLANNING OKAWARU WORSHIP
  6387 | D:7      | 6387 ||| DROPPING +0 ring mail.
  6388 | D:7      | 6388 ||| UPGRADING to +0 acid dragon scales.
  6398 | D:7      | 6398 ||| READING scroll labelled ONKOUTE JUUCKUOLO.
  6399 | D:7      | 6399 ||| DRINKING 2 emerald potions.
  6447 | D:7      | 6447 ||| READING 4 scrolls of identify.
  6447 | D:7      | 6447 ||| IDENTIFYING purple potion
  6448 | D:7      | 6448 ||| DROPPING potion of lignification.
  6456 | D:7      | Became a worshipper of Warmaster Okawaru
  6457 | D:7      | 6457 ||| PLANNING D:1-11
  6502 | D:7      | Reached skill level 11 in Ranged Weapons
  6810 | D:7      | Noticed a manticore
  6810 | D:7      | Noticed a two-headed ogre
  6810 | D:7      | Noticed a skeletal warrior
  6810 | D:7      | Noticed a two-headed ogre
  6810 | D:7      | Noticed a komodo dragon
  6821 | D:7      | HP: 14/58 [manticore/volley of spikes (11)]
  6822 | D:7      | 6822 ||| READING 5 scrolls of teleportation.
  6823 | D:7      | 6823 ||| DRINKING potion of heal wounds.
  7097 | D:7      | Reached * piety under Okawaru
  7130 | D:7      | 7130 ||| INVOKING Heroism.
  7131 | D:7      | 7131 ||| RETREATING.
  7138 | D:7      | Killed a two-headed ogre
  7139 | D:7      | Reached XP level 10. HP: 64/64 MP: 7/10
  7143 | D:7      | 7143 ||| INVOKING Heroism.
  7148 | D:7      | Reached skill level 12 in Ranged Weapons
  7156 | D:7      | 7156 ||| INVOKING Heroism.
  7166 | D:7      | HP: 13/64 [skeletal warrior/+0 hand axe (5)]
  7167 | D:7      | 7167 ||| READING 4 scrolls of teleportation.
  7167 | D:7      | Slain by a skeletal warrior

Levels and vault maps discovered:
D:1:      lemuel_arrival_muddy, layout_rooms
D:2:      layout_loops_cross, ebering_ecumenical_altar_box
D:3:      layout_loops_ring, mainiacjoe_overflow_surrounded_room,
          nicolae_overflow_ecumenical_swirl, lightli_temple_of_fire
D:4:      layout_loops_ring, minmay_temple_entry_from_below_b, serial_shops,
          shop
D:5:      layout_gridville, grunt_gozag_statues,
          mainiacjoe_overflow_small_starburst,
          mainiacjoe_overflow_concentric_impassable
D:6:      layout_basic, old_standard_altar, led_sif_pool,
          pf_guarded_unrand_woodcutter, uniq_crazy_yiuf_cottage,
          uniq_prince_ribbit1, uniq_sigmund
D:7:      minmay_the_grid_triangle_9x9_rhombus_full
          [minmay_the_grid_triangle_9x9_tough_junction,
          minmay_the_grid_triangle_9x9_wacky_v,
          minmay_the_grid_triangle_9x9_corrupted_corridor,
          minmay_the_grid_triangle_9x9_from_above,
          minmay_the_grid_triangle_9x9_longest,
          minmay_the_grid_triangle_9x9_alien,
          minmay_the_grid_triangle_9x9_empty,
          minmay_the_grid_triangle_9x9_prize_top_heavy], layout_gridville,
          okawaru_metal_pillars_1_2, uniq_maggie
Temple:   minmay_temple_curvy_loop

Skill      XL: |  1  2  3  4  5  6  7  8  9 10 |
---------------+-------------------------------+-----
Ranged Weapons | 5 6 7 8 9 11 12 | 12.1
Fighting       | 3 4 5 6 8 |  8.2
Armour         | 1 3 |  3.9
Dodging        | 2 3 |  3.0
Stealth        | |  1.1

Action                     |  1- 3 |  4- 6 |  7- 9 | 10-12 || total
---------------------------+-------+-------+-------+-------++-------
   Fire: Shortbow          |   107 |   193 |   316 |       ||   616
         Sling             |       |       |    70 |    26 ||    96
 Invoke: Heroism           |       |       |     1 |     2 ||     3
    Use: Scroll            |     5 |     8 |    10 |     1 ||    24
         Potion            |     1 |     4 |     3 |       ||     8
 Armour: Leather armour    |    22 |    19 |       |       ||    41
         Ring mail         |       |    63 |   117 |       ||   180
         Robe              |       |       |    39 |       ||    39
         Acid dragon scale |       |       |    20 |    15 ||    35
  Dodge: Dodged            |    22 |    57 |   133 |     5 ||   217

Table legend:
 A = Non-vault XP
 B = Vault XP
 C = Vault XP percentage of total XP
 D = Non-vault monster count
 E = Vault monster count
 F = Vault count percentage of total count
                 A         B        C        D         E       F
            +---------+---------+-------+---------+---------+-------
      Total |    1888 |    3738 |  66.4 |     129 |      27 |  17.3
            +---------+---------+-------+---------+---------+-------
        D:1 |      48 |       0 |   0.0 |      26 |       0 |   0.0
        D:2 |      46 |       0 |   0.0 |      27 |       0 |   0.0
        D:3 |      84 |       0 |   0.0 |      26 |       0 |   0.0
        D:4 |     189 |       0 |   0.0 |      17 |       0 |   0.0
        D:5 |     561 |       0 |   0.0 |      13 |       0 |   0.0
        D:6 |     413 |     901 |  68.6 |      12 |      11 |  47.8
        D:7 |     547 |    2837 |  83.8 |       8 |      16 |  66.7
            +---------+---------+-------+---------+---------+-------
